 Dungeon Crawl Stone Soup version 0.19-a0-1676-g39ae8cc (webtiles) character file.

13273 mrath the Thaumaturge (level 12, -7/71 HPs)
             Began as a Gargoyle Earth Elementalist on Sept 8, 2016.
             Was an Elder of Vehumet.
             Mangled by a seven-headed hydra (9 damage)
             ... on level 1 of the Lair of Beasts on Sept 24, 2016.
             The game lasted 01:53:54 (18764 turns).

mrath the Thaumaturge (GrEE)                       Turns: 18764, Time: 01:53:55

Health: -7/71      AC: 20    Str: 11    XL:     12   Next: 4%
Magic:  22/25      EV: 14    Int: 22    God:    Vehumet [****..]
Gold:   535        SH:  0    Dex: 10    Spells: 5 memorised, 13 levels left

rFire  . . .     SeeInvis .     F - +0 long sword (elec)
rCold  . . .     Gourm    .     G - +2 robe {MR+}
rNeg   + . .     Faith    .     (no shield)
rPois  ∞         Spirit   .     (no helmet)
rElec  +         Dismiss  .     n - +2 cloak
rCorr  .         Reflect  .     q - +0 pair of gloves
MR     +....     Harm     .     H - +1 pair of boots
Stlth  ++........               L - amulet of regeneration
                                (no ring)
                                (no ring)

@: about to teleport
A: negative energy resistance 1, electricity resistance, unbreathing,
petrification resistance, rot immunity, AC +8
a: Renounce Religion


You were on level 1 of the Lair of Beasts.
You worshipped Vehumet.
Vehumet was greatly pleased with you.
You were not hungry.

You visited 3 branches of the dungeon, and saw 12 of its levels.

You collected 535 gold pieces.

Inventory:

Hand Weapons
 g - the +8 flail "Iruor" {holy, Dex+2 Stlth+}
   (You found it on level 9 of the Dungeon)

   It has been blessed by the Shining One to cause great damage to the undead
   and demons.
   It affects your dexterity (+2).
   It makes you more stealthy.
 E - a +0 falchion of draining
 F - a +0 long sword of electrocution (weapon)
 O - a +0 blowgun
 Z - the +5 long sword of Okawaru {freeze, +Fly rElec rN+ Int+2, unknown}
   (You found it on level 9 of the Dungeon)

   It has been specially enchanted to freeze those struck by it, causing extra
   injury to most foes and up to half again as much damage against particularly
   susceptible opponents.
   It can also slow down cold-blooded creatures.
   It affects your intelligence (+2).
   It insulates you from electricity.
   It protects you from negative energy.
   It lets you fly.
Missiles
 v - 3 throwing nets
 M - 16 tomahawks (quivered)
 P - 87 poisoned needles
Armour
 i - a +0 shield
 n - a +2 cloak (worn)
 q - a +0 pair of gloves (worn)
 G - a +2 robe of magic resistance (worn)
 H - a +1 pair of boots (worn)
Jewellery
 e - an uncursed ring of ice
 L - an amulet of regeneration (around neck)
Wands
 d - a wand of disintegration (7/24)
 l - a wand of acid (10/15)
 p - a wand of acid (5/15)
 X - a wand of iceblast (9/15)
Scrolls
 b - 2 scrolls of recharging {unknown}
 c - a scroll of holy word {unknown}
 f - 5 scrolls of identify
 h - 3 scrolls of magic mapping
 j - a scroll of blinking {unknown}
 r - 4 scrolls of remove curse
 t - 2 scrolls of fog
 w - a scroll of noise {unknown}
 y - 3 scrolls of teleportation
 D - a scroll of random uselessness {unknown}
 J - a scroll of vulnerability {unknown}
 K - a scroll of fear
 S - a scroll of immolation {unknown}
Potions
 m - 2 potions of cancellation {unknown}
 o - 8 potions of curing
 s - 3 potions of flight
 z - 2 potions of berserk rage {unknown}
 A - 3 potions of degeneration {unknown}
 B - 6 potions of heal wounds
 I - a potion of resistance
 N - 3 potions of lignification {unknown}
 Q - a potion of might {unknown}
 T - a potion of invisibility {unknown}
 Y - a potion of experience {unknown}
Books
 R - a book of Annihilations

   Spells                             Type                      Level
   a - Poison Arrow                   Conjuration/Poison           6
   b - Chain Lightning                Conjuration/Air              8
   c - Lehudib's Crystal Spear        Conjuration/Earth            8
   d - Glaciate                       Conjuration/Ice              9
   e - Fire Storm                     Conjuration/Fire             9
Miscellaneous
 a - a disc of storms
Comestibles
 k - 4 bread rations
 u - a meat ration
 x - 30 fruits
 C - 8 beef jerkies
 U - 3 chunks of flesh


   Skills:
 + Level 6.7 Fighting
 + Level 6.4 Armour
 + Level 5.1 Dodging
 - Level 2.1 Stealth
 * Level 9.2 Spellcasting
 + Level 7.5 Conjurations
   Level 0.7 Transmutations
 + Level 5.3 Fire Magic
 + Level 9.2 Earth Magic
 + Level 4.9 Evocations


You had 13 spell levels left.
You knew the following spells:

 Your Spells              Type           Power        Failure   Level  Hunger
a - Sandblast             Erth           ######       1%          1    None
b - Stone Arrow           Conj/Erth      #####.       1%          3    None
c - Lee's Rapid Deconstr  Erth           ######....   1%          5    ####...
d - Searing Ray           Conj           #####.       1%          2    None
e - Fireball              Conj/Fire      #####.....   4%          5    ####...


Dungeon Overview and Level Annotations

Branches:
Dungeon (10/15)            Temple (1/1) D:4            Lair (1/6) D:10
    Orc: D:9-12

Altars:
Ashenzari
Cheibriados
Dithmenos
Elyvilon
Fedhas
Gozag
Hepliaklqana
Kikubaaqudgha
Makhleb
Nemelex Xobeh
Okawaru
Qazlal
Ru
Sif Muna
Trog
Uskayaw
Vehumet
Xom
Yredelemnul
Zin
The Shining One

Shops:
D:5 =   D:6 *   D:7 *   D:9 [

Annotations:
D:3 1 runed door
D:6 ThereIsNoGod's ghost, novice MiGl
D:10 Josephine


Innate Abilities, Weirdness & Mutations

You are resistant to torment.
Your stone body is resilient. (AC +8)
You are immune to poison.
You resist negative energy. (rN+)
You are resistant to electric shocks. (rElec)
You can survive without breathing.
You are immune to petrification.
You are immune to rotting.


Message History

The seven-headed hydra is lightly wounded.
The seven-headed hydra bites you!
The seven-headed hydra bites you but does no damage.
The seven-headed hydra bites you!
The seven-headed hydra bites you but does no damage.
The seven-headed hydra misses you.
The seven-headed hydra bites you but does no damage.
The seven-headed hydra barely misses you.
As you read the scroll of teleportation, it crumbles to dust.
You feel strangely unstable. The seven-headed hydra bites you.
* * * LOW HITPOINT WARNING * * *
The seven-headed hydra bites you.
* * * LOW HITPOINT WARNING * * *
The seven-headed hydra barely misses you.
The seven-headed hydra bites you!
* * * LOW HITPOINT WARNING * * *
The seven-headed hydra barely misses you.
The seven-headed hydra bites you but does no damage.
The seven-headed hydra bites you!
You die...

###### ###
####.##.##############.###
#...................§.....
#........@....#.#########.
#...####D###..##..#######.
##.........P#...........##.
#P..#......HP..##.......##.
##..+..........##.......##.
#..........#..##........#F
##..#.......#.D#.........#.
#P..........#..##..........
##..#.......#...######.###.


You could see a seven-headed hydra.

Vanquished Creatures
  A hill giant (D:10)
  2 spiny frogs (Lair:1)
  Psyche (D:8)
  The ghost of DEFE the Ducker, a novice DEFi of Kikubaaqudgha (D:5)
  A komodo dragon (Lair:1)
  A troll (D:10)
  2 two-headed ogres
  10 blink frogs (Lair:1)
  2 hippogriffs
  A spriggan (Lair:1)
  A wraith (D:10)
  9 yaks
  Menkaure (D:7)
  The ghost of Tux the Insei, an amateur OpTm (D:3)
  2 water moccasins
  A porcupine (Lair:1)
  An ice beast (D:5)
  4 orc warriors
  A phantom (D:9)
  A black bear (D:9)
  A necrophage (D:5)
  2 sky beasts
  6 ogres
  An eye of draining (D:10)
  A wasp (Lair:1)
  4 centaurs
  4 wolves (D:10)
  A crocodile (Lair:1)
  2 big kobolds
  Blork the orc (D:5)
  15 bullfrogs
  A wyvern zombie (D:7)
  A scorpion (D:6)
  A wyvern skeleton (D:10)
  4 wights
  2 electric eels (D:10)
  5 crimson imps
  4 howler monkeys
  A wasp zombie (D:8)
  5 hounds
  12 orc priests
  A bullfrog skeleton (D:9)
  3 centaur skeletons
  4 iguanas
  21 orc wizards
  4 worker ants
  A killer bee zombie (D:8)
  7 worker ant zombies
  5 gnolls
  18 adders
  A howler monkey skeleton (D:3)
  4 shadow imps
  4 worms
  2 dart slugs
  9 leopard geckos
  45 orcs
  7 giant cockroaches
  8 goblins
  8 hobgoblins
  13 jackals
  21 kobolds
  4 quokkas
  6 ball pythons
  A ball python skeleton (D:4)
  4 bats
  9 frilled lizards
  A leopard gecko skeleton (D:4)
  7 rats
336 creatures vanquished.

Vanquished Creatures (others)
  An orc wizard (D:4)
1 creature vanquished.

Grand Total: 337 creatures vanquished

Notes
Turn   | Place    | Note
-------+----------+-------------------------------------------
     0 | D:1      | mrath the Gargoyle Earth Elementalist began the quest for the Orb.
     0 | D:1      | Reached XP level 1. HP: 10/10 MP: 3/3
   311 | D:1      | Reached XP level 2. HP: 13/15 MP: 1/5
   709 | D:1      | Reached XP level 3. HP: 11/19 MP: 1/7
  1392 | D:2      | Learned a level 3 spell: Stone Arrow
  1706 | D:2      | Reached XP level 4. HP: 24/24 MP: 5/8
  2203 | D:2      | Found a shadowy altar of Dithmenos.
  2203 | D:2      | Found a blossoming altar of Fedhas.
  2255 | D:2      | Reached skill level 1 in Conjurations
  2311 | D:2      | Found a deep blue altar of Sif Muna.
  2403 | D:3      | Noticed Tux's ghost (amateur OpTm)
  2879 | D:3      | Reached XP level 5. HP: 23/28 MP: 3/10
  3177 | D:3      | Found a runed door.
  3334 | D:3      | Found a bloodstained altar of Trog.
  3646 | D:4      | Found a staircase to the Ecumenical Temple.
  3669 | Temple   | Entered the Ecumenical Temple
  3760 | Temple   | Became a worshipper of Vehumet
  4268 | D:4      | Reached skill level 5 in Earth Magic
  4507 | D:3      | Reached XP level 6. HP: 28/32 MP: 9/12
  5043 | D:4      | Reached skill level 5 in Spellcasting
  5043 | D:4      | Reached XP level 7. HP: 36/36 MP: 4/14
  5439 | D:4      | Upgraded the game from 0.19-a0-1490-g5dd3618 to 0.19-a0-1493-gd0fcaa6
  5458 | D:4      | Upgraded the game from 0.19-a0-1493-gd0fcaa6 to 0.19-a0-1676-g39ae8cc
  5477 | D:5      | Entered Level 5 of the Dungeon
  5485 | D:5      | Learned a level 5 spell: Lee's Rapid Deconstruction
  5485 | D:5      | Found a shimmering altar of Xom.
  5556 | D:5      | Noticed DEFE's ghost (novice DEFi)
  6185 | D:5      | Reached skill level 1 in Fighting
  6185 | D:5      | Reached skill level 1 in Evocations
  6290 | D:5      | Reached skill level 1 in Armour
  6385 | D:5      | Noticed Blork the orc
  6493 | D:5      | Killed DEFE's ghost
  6493 | D:5      | Reached XP level 8. HP: 44/44 MP: 0/16
  6815 | D:5      | Found Zej Galau's Jewellery Shoppe.
  7205 | D:3      | Killed Tux's ghost
  7447 | D:5      | Reached * piety under Vehumet
  7447 | D:5      | Offered knowledge of Freeze by Vehumet.
  7532 | D:5      | Killed Blork the orc
  7744 | D:6      | Noticed ThereIsNoGod's ghost (novice MiGl)
  8139 | D:6      | Reached XP level 9. HP: 50/50 MP: 11/18
  8576 | D:6      | Found Boecluh's Serpentskin Sales.
  8972 | D:6      | Reached skill level 5 in Conjurations
 10827 | D:6      | Reached ** piety under Vehumet
 11013 | D:7      | Reached XP level 10. HP: 34/58 MP: 11/21
 11143 | D:7      | Offered knowledge of Searing Ray by Vehumet.
 11197 | D:7      | Learned a level 2 spell: Searing Ray
 11696 | D:7      | Noticed Menkaure
 11702 | D:7      | Killed Menkaure
 11763 | D:7      | Found Roplek's General Store.
 11804 | D:7      | Learned a level 5 spell: Fireball
 12564 | D:7      | Offered knowledge of Dazzling Spray by Vehumet.
 12564 | D:7      | Reached skill level 1 in Fire Magic
 12783 | D:8      | Reached *** piety under Vehumet
 13365 | D:8      | Offered knowledge of Olgreb's Toxic Radiance by Vehumet.
 13429 | D:8      | Noticed Psyche
 13436 | D:8      | Killed Psyche
 13436 | D:8      | Reached skill level 5 in Fighting
 13436 | D:8      | Reached skill level 5 in Armour
 13837 | D:9      | Got a warped ring mail
 13975 | D:9      | Found Kuitwuq's Antique Armour Emporium.
 14110 | D:9      | Got an iridescent long sword
 14164 | D:9      | Reached **** piety under Vehumet
 14341 | D:9      | Offered knowledge of Lightning Bolt by Vehumet.
 14669 | D:6      | Reached XP level 11. HP: 60/64 MP: 19/23
 14838 | D:9      | Got a steaming flail
 14839 | D:9      | Identified the +8 flail "Iruor" {holy, Dex+2 Stlth+} (You found it on level 9 of the Dungeon)
 15377 | D:10     | Entered Level 10 of the Dungeon
 15867 | D:10     | Noticed Josephine
 16485 | D:10     | Found a staircase to the Lair.
 16497 | D:10     | Noticed a hill giant
 16740 | D:10     | Killed a hill giant
 17340 | Lair:1   | Entered Level 1 of the Lair of Beasts
 17517 | Lair:1   | Found a stormy altar of Qazlal.
 17603 | Lair:1   | Reached skill level 5 in Fire Magic
 18199 | Lair:1   | Reached skill level 5 in Dodging
 18349 | Lair:1   | Noticed a spriggan rider
 18471 | Lair:1   | Reached XP level 12. HP: 62/71 MP: 6/25
 18669 | Lair:1   | Noticed a seven-headed hydra
 18764 | Lair:1   | HP: 2/71 [seven-headed hydra (11)]
 18764 | Lair:1   | Mangled by a seven-headed hydra

Vault maps used:
D:1:      minmay_arrival_open_corners, hangedman_decor_clover_reticule
D:2:      gammafunk_temple_overflow_elements, lemuel_blue_sif_altar
D:3:      kennysheep_pointless_box, trog_hazing_becter, uniq_crazy_yiuf_cottage
D:4:      minmay_thick_lines
D:5:      lemuel_crystal_altar, serial_shops, shop, first_bread,
          minmay_misc_feat_five, uniq_blork_the_orc
D:6:      guppyfry_shop_venom
D:7:      serial_shops, shop, uniq_menkaure
D:8:      uniq_psyche
D:9:      serial_shops, shop_statue
D:10:     erik_lair_island, grunt_ogre_cave, uniq_josephine
Temple:   compressed_dpeg_circular_temple
Lair:1:   basic_altar, grunt_forest_large_clearings

Skill      XL: |  1  2  3  4  5  6  7  8  9 10 11 |
---------------+----------------------------------+-----
Earth Magic    | 4 5 6 7 8 9 |  9.2
Spellcasting   | 3 4 5 6 7 8 9 |  9.2
Conjurations   | 1 2 3 4 5 6 7 |  7.5
Fighting       | 2 3 4 5 6 |  6.7
Evocations     | 1 2 3 4 |  4.9
Armour         | 1 2 4 5 6 |  6.4
Dodging        | 2 3 4 5 |  5.1
Fire Magic     | 3 5 |  5.3
Stealth        | |  2.1
Transmutations | |  0.7

Action                   |  1- 3 |  4- 6 |  7- 9 | 10-12 || total
-------------------------+-------+-------+-------+-------++-------
Melee: Short sword       |    31 |    72 |       |       ||   103
       Whip              |     8 |    30 |    90 |       ||   128
       Long sword        |       |       |    14 |   103 ||   117
       Falchion          |       |       |    17 |   161 ||   178
Throw: Tomahawk          |       |       |       |     1 ||     1
 Cast: Sandblast         |    49 |    80 |    21 |       ||   150
       Stone Arrow       |       |     8 |   158 |   208 ||   374
       Searing Ray       |       |       |       |    30 ||    30
       Lee's Rapid Decon |       |       |       |     1 ||     1
  Use: Scroll            |       |       |     2 |    12 ||    14
 Stab: Sleeping          |       |     2 |       |     1 ||     3
  Eat: Chunk             |     3 |    11 |    19 |    22 ||    55
       Beef jerky        |       |       |     2 |       ||     2
       Royal jelly       |       |       |       |     1 ||     1
       Fruit             |       |       |       |     1 ||     1
Armor: Robe              |    25 |    67 |   104 |   170 ||   366
Dodge: Dodged            |    55 |   103 |   152 |   261 ||   571
